 Dungeon Sprint DCSS version 0.19.0-19-g8c6edcc (webtiles) character file.

2144 equalderp2856 the Ripper (level 9, -11/45 HPs)
             Began as a Felid Fighter on Nov 12, 2016.
             Mangled by a fire dragon (15 damage)
             ... in the Dungeon (Sprint IX: "|||||||||||||||||||||||||||||").
             The game lasted 00:02:41 (1060 turns).

equalderp2856 the Ripper (Felid Fighter)            Turns: 1060, Time: 00:02:42

Health: -11/45     AC:  4    Str: 14    XL:     9   Next: 9%
Magic:  10/10      EV: 31    Int: 10    God:
Gold:   50         SH:  0    Dex: 19    Spells: 0 memorised, 8 levels left
                                        Lives:  0   Deaths: 2

rFire  . . .     SeeInvis +       - Unarmed
rCold  . . .     Gourm    .     (armour unavailable)
rNeg   . . .     Faith    .     (shield unavailable)
rPois  .         Spirit   .     (helmet unavailable)
rElec  .         Reflect  .     (cloak unavailable)
rCorr  .         Harm     .     (gloves unavailable)
MR     +....     NoTele   +     (boots unavailable)
Stlth  +++.......               (no amulet)
                                m - +2 ring of protection
                                n - +3 ring of dexterity

@: quick
A: no armour, no weapons or thrown items, stealth, claws 1, fangs 3, see
invisible, carnivore 3, speed 1, shaggy fur 2, slow metabolism 1, sharp paws
a: no special abilities


You were in the Dungeon.
You were not hungry.

You visited 1 branch You collected 50 gold pieces.

Inventory:

Jewellery
 m - a +2 ring of protection (right paw)
 n - a +3 ring of dexterity (left paw)
Wands
 l - a wand of iceblast (7/15)
Scrolls
 h - 2 scrolls of blinking
 j - 3 scrolls of remove curse
 k - 2 scrolls of amnesia
Potions
 a - a potion of might
 c - 5 potions of curing
 d - a potion of heal wounds
 e - a potion of haste
 f - 4 potions of magic
 g - a potion of berserk rage
 i - a potion of invisibility
Comestibles
 b - a meat ration


   Skills:
 + Level 8.6 Fighting
 + Level 13.3 Dodging
 + Level 4.4 Stealth
 + Level 16.5 Unarmed Combat


You had 8 spell levels left.
You didn't know any spells.

Dungeon Overview and Level Annotations

Branches:
Dungeon (1/1)

Altars:
Cheibriados
Dithmenos
Elyvilon
Fedhas
Gozag
Hepliaklqana
Kikubaaqudgha
Makhleb
Nemelex Xobeh
Okawaru
Qazlal
Ru
Sif Muna
Trog
Uskayaw
Vehumet
Xom
Yredelemnul
Zin
The Shining One
Beogh
Jiyva
Lugonu


Innate Abilities, Weirdness & Mutations

You cannot wear armour.
You are incapable of wielding weapons or throwing items.
Your paws allow you to move quietly. (Stealth)
You have sharp claws.
You have razor-sharp teeth.
You have supernaturally acute eyesight. (SInv)
You are carnivorous and can eat meat at any time.
You cover ground quickly.
You are covered in thick fur. (AC +2)
You have a slow metabolism.
Your sharp claws are effective at attacking unaware monsters.


Message History

* * * LOW HITPOINT WARNING * * *
You stumble backwards!
You feel much better. The fire dragon completely misses you.
The fire dragon claws you but does no damage.
The fire dragon closely misses you.
You scratch the fire dragon but do no damage.
The fire dragon bites you. The fire dragon closely misses you. x2
A hornet comes into view.
You claw the fire dragon!
The fire dragon is moderately wounded.
The deep troll earth mage's soul is no longer bound.
You claw the fire dragon!
The fire dragon is moderately wounded.
The fire dragon breathes flames at you. The blast of flame hits you!
* * * LOW HITPOINT WARNING * * *
You claw the fire dragon!
The fire dragon is heavily wounded.
The fire dragon bites you!
You die...

▓▓▓▓▓
▓▓▓▓▓
▓...▓
▓...▓
▓.▓.▓
▓.▓.▓
▓.▓.▓
▓.▓.▓
▓.▓.▓
▓.▓.▓
▓.▓.▓
▓.▓'▓
▓.▓.▓
▓.▓.▓
▓.▓.▓
▓.▓.▓
▓.▓@▓
▓.▓[▓
▓.▓D▓
▓.▓[▓
▓.▓C▓
▓.▓[▓
▓.▓Q▓
▓.▓[▓
▓h▓
▓.▓p▓
▓.▓.▓
▓.▓
▓.▓T▓
▓.▓%▓
▓9▓
▓.▓y▓
▓)▓+▓
▓.▓
▓.▓.▓
▓.▓
▓.▓
▓.▓.▓
▓)▓
▓.▓


You could see a fire dragon, an ettin, a tengu warrior, a deep troll earth mage,
a necromancer (invisible) and a hornet.

Vanquished Creatures
  A stone giant (D)
  Erolcha (D)
  An ice dragon (D)
  An orc warrior (D)
  An ogre (D)
  An iguana (D)
  A worker ant (D)
  A shadow imp (D)
  A leopard gecko (D)
  A bat skeleton (D)
  2 bats (D)
  A frilled lizard (D)
  A kobold (D)
  A quokka skeleton (D)
15 creatures vanquished.

Vanquished Creatures (others)
  A spatial maelstrom (D)
1 creature vanquished.

Grand Total: 16 creatures vanquished

Notes
Turn   | Place    | Note
-------+----------+-------------------------------------------
     0 | D        | equalderp2856 the Felid Fighter began the quest for the Orb.
     0 | D        | Reached XP level 1. HP: 10/10 MP: 2/2
     9 | D        | Banished a spatial maelstrom
   104 | D        | Noticed an iguana
   104 | D        | Noticed a worker ant
   109 | D        | Killed a worker ant
   109 | D        | Reached skill level 5 in Dodging
   109 | D        | Reached skill level 6 in Unarmed Combat
   109 | D        | Reached XP level 2. HP: 15/15 MP: 3/3
   109 | D        | Reached XP level 3. HP: 18/18 MP: 4/4
   116 | D        | Reached skill level 7 in Unarmed Combat
   123 | D        | Found a roughly hewn altar of Beogh.
   123 | D        | Found a snail-covered altar of Cheibriados.
   123 | D        | Found a shadowy altar of Dithmenos.
   123 | D        | Found a white marble altar of Elyvilon.
   123 | D        | Found a blossoming altar of Fedhas.
   123 | D        | Found an opulent altar of Gozag.
   124 | D        | Found a hazy altar of Hepliaklqana.
   125 | D        | Found a viscous altar of Jiyva.
   126 | D        | Found an ancient bone altar of Kikubaaqudgha.
   127 | D        | Found a corrupted altar of Lugonu.
   128 | D        | Found a burning altar of Makhleb.
   129 | D        | Found a sparkling altar of Nemelex Xobeh.
   130 | D        | Found an iron altar of Okawaru.
   131 | D        | Found a stormy altar of Qazlal.
   132 | D        | Found a sacrificial altar of Ru.
   133 | D        | Found a deep blue altar of Sif Muna.
   134 | D        | Found a bloodstained altar of Trog.
   135 | D        | Found a hide-covered altar of Uskayaw.
   136 | D        | Found a radiant altar of Vehumet.
   137 | D        | Found a shimmering altar of Xom.
   138 | D        | Found a basalt altar of Yredelemnul.
   139 | D        | Found a glowing silver altar of Zin.
   140 | D        | Found a glowing golden altar of the Shining One.
   167 | D        | Noticed a gargoyle
   167 | D        | Noticed a centaur
   167 | D        | Noticed an ice beast
   167 | D        | Noticed an orc warrior
   167 | D        | Noticed an ogre
   250 | D        | Killed an ogre
   250 | D        | Reached skill level 5 in Fighting
   250 | D        | Reached skill level 1 in Stealth
   250 | D        | Reached skill level 9 in Unarmed Combat
   250 | D        | Reached XP level 4. HP: 6/23 MP: 5/5
   250 | D        | Reached XP level 5. HP: 7/26 MP: 6/6
   252 | D        | Demolished by an orc warrior
   253 | D        | Reached XP level 4. HP: -15/23 MP: 5/5
   296 | D        | Noticed Erolcha
   313 | D        | HP: 1/23 [Erolcha/giant club (6)]
   314 | D        | Killed Erolcha
   314 | D        | Reached skill level 13 in Unarmed Combat
   314 | D        | Reached XP level 5. HP: 1/28 MP: 6/6
   314 | D        | Gained mutation: You are covered in thick fur. (AC +2) [Felid growth]
   314 | D        | Reached XP level 6. HP: 2/33 MP: 7/7
   314 | D        | Reached XP level 7. HP: 2/36 MP: 8/8
   718 | D        | Noticed an orc knight
   900 | D        | Mangled by an orc knight
   901 | D        | Reached XP level 6. HP: -11/33 MP: 7/7
  1024 | D        | Noticed a stone giant
  1024 | D        | Noticed an ice dragon
  1024 | D        | Noticed a fire dragon
  1024 | D        | Noticed an ettin
  1024 | D        | Noticed a tengu warrior
  1024 | D        | Noticed a necromancer
  1025 | D        | Noticed a deep troll earth mage
  1043 | D        | Killed a stone giant
  1043 | D        | Reached skill level 15 in Unarmed Combat
  1043 | D        | Reached XP level 7. HP: 23/37 MP: 8/8
  1043 | D        | Reached XP level 8. HP: 25/40 MP: 9/9
  1053 | D        | Killed an ice dragon
  1053 | D        | Reached skill level 16 in Unarmed Combat
  1053 | D        | Reached XP level 9. HP: 30/45 MP: 10/10
  1060 | D        | Mangled by a fire dragon

Skill      XL: |  1  2  3  4  5  6  7  8 |
---------------+-------------------------+-----
Dodging        | 5 7 11 12 13 | 13.3
Unarmed Combat | 6 9 13 15 16 | 16.5
Fighting       | 5 7 8 |  8.6
Stealth        | 1 2 3 4 |  4.4

Action                   |  1- 3 |  4- 6 |  7- 9 || total
-------------------------+-------+-------+-------++-------
Melee: Unarmed           |    31 |    34 |    35 ||   100
       Bite              |     2 |     6 |     3 ||    11
       Punch             |       |     3 |     5 ||     8
  Use: Potion            |       |       |     2 ||     2
 Stab: Sleeping          |     1 |       |       ||     1
Armor: Skin              |     3 |       |     2 ||     5
Dodge: Dodged            |    21 |    20 |    29 ||    70
